TOP OF THE 1ST |
Iowa Cubs batting - Pitching for Gwinnett Braves : LHP Justin Sullins
|
Pitching: LHP Justin Sullins
|
|
Batting: RHB Andy Wasierski
|
0-0: Called Strike 0-1: Ground out 5-3 (Groundball, 56, EV 103.8 MPH)
|
Batting: RHB Adam O'Hare
|
0-0: Called Strike 0-1: Ball 1-1: Ball 2-1: Swinging Strike 2-2: Ball 3-2: Strikes out swinging
|
Batting: RHB Francisco Ramirez
|
0-0: Called Strike 0-1: Foul Ball, location: 2F 0-2: Ball 1-2: Strikes out looking
|
Top of the 1st over - 0 runs, 0 hits, 0 errors, 0 left on base; Iowa 0 - Gwinnett 0 |
BOTTOM OF THE 1ST |
Gwinnett Braves batting - Pitching for Iowa Cubs : RHP Rashid bin Ala'
|
Pitching: RHP Rashid bin Ala'
|
|
Batting: RHB Xavier Castellanos
|
0-0: Called Strike 0-1: Ball 1-1: Ground out 4-3 (Groundball, 4, EV 103.1 MPH)
|
Batting: RHB Chris Sharpe
|
0-0: Called Strike 0-1: Ball 1-1: Swinging Strike 1-2: Ball 2-2: SINGLE (Line Drive, 56D, EV 95.6 MPH)
|
Batting: RHB Luis Revilla
|
0-0: Foul Ball, location: 2F 0-1: Foul Ball, location: 2F 0-2: Ball 1-2: Fly out, F8 (Flyball, 8LXD, EV 101.2 MPH)
|
Batting: LHB Edwin Aguilar
|
0-0: Ball 1-0: Foul Ball, location: 2F 1-1: Called Strike Chris Sharpe steals 2nd base 1-2: Ball 2-2: Ball 3-2: SINGLE (Groundball, 6MS, EV 71.2 MPH) (infield hit) Chris Sharpe to third
|
Pitching: RHP Julio Arteaga
|
|
Batting: RHB Carlos Castillo
|
0-0: Foul Ball, location: 2F 0-1: Ball 1-1: Called Strike 1-2: Ball 2-2: Fly out, F6 (Popup, 6MS, EV 82.5 MPH)
|
Bottom of the 1st over - 0 runs, 2 hits, 0 errors, 2 left on base; Iowa 0 - Gwinnett 0 |
TOP OF THE 2ND |
Iowa Cubs batting - Pitching for Gwinnett Braves : LHP Justin Sullins
|
Batting: LHB Chris Morgan
|
0-0: Ball 1-0: Foul Ball, location: 2F 1-1: Ball 2-1: Foul Ball, location: 2F 2-2: Foul Ball, location: 2F 2-2: Strikes out swinging
|
Batting: LHB John Holst
|
0-0: Ball 1-0: Called Strike 1-1: Foul Ball, location: 2F 1-2: Ball 2-2: Foul Ball, location: 2F 2-2: Ball 3-2: Strikes out swinging
|
Batting: LHB John Criswell
|
0-0: Called Strike 0-1: Ground out U3 (Groundball, 3, EV 86.9 MPH)
|
Top of the 2nd over - 0 runs, 0 hits, 0 errors, 0 left on base; Iowa 0 - Gwinnett 0 |
BOTTOM OF THE 2ND |
Gwinnett Braves batting - Pitching for Iowa Cubs : RHP Julio Arteaga
|
Batting: LHB Sam Dowdy
|
0-0: Ball 1-0: Swinging Strike 1-1: SINGLE (Line Drive, 78M, EV 92.5 MPH)
|
Batting: RHB Jesse Lester
|
0-0: Grounds into double play, 5-4-3 (Groundball, 56, EV 106.2 MPH)
|
Batting: RHB Neal Tinoco
|
0-0: Ball 1-0: Ball 2-0: Foul Ball, location: 2F 2-1: Ball 3-1: Base on Balls
|
Batting: RHB T.J. Jordan
|
0-0: Ball Neal Tinoco steals 2nd, throwing error, E2 Neal Tinoco to third 1-0: Ball 2-0: Called Strike 2-1: SINGLE (Groundball, 56D, EV 101.2 MPH) Neal Tinoco scores
|
Pitching: RHP Ryan Masterson
|
|
Batting: RHB Xavier Castellanos
|
0-0: Ball 1-0: Foul Ball, location: 2F 1-1: Foul Ball, location: 2F 1-2: Hit by Pitch T.J. Jordan to second
|
Batting: RHB Chris Sharpe
|
0-0: Ball 1-0: Fly out, F9 (Flyball, 89D, EV 78.8 MPH)
|
Bottom of the 2nd over - 1 run, 2 hits, 1 error, 2 left on base; Iowa 0 - Gwinnett 1 |
TOP OF THE 3RD |
Iowa Cubs batting - Pitching for Gwinnett Braves : LHP Justin Sullins
|
Batting: RHB Peter Croston
|
0-0: Swinging Strike 0-1: Foul Ball, location: 2F 0-2: Ball 1-2: Strikes out swinging
|
Batting: SHB Nick Chandler
|
0-0: Ball 1-0: Foul Ball, location: 2F 1-1: Foul Ball, location: 2F 1-2: Strikes out swinging
|
Batting: SHB R.J. Vargas
|
0-0: Called Strike 0-1: Foul Ball, location: 2F 0-2: Ball 1-2: Foul Ball, location: 2F 1-2: Strikes out looking
|
Top of the 3rd over - 0 runs, 0 hits, 0 errors, 0 left on base; Iowa 0 - Gwinnett 1 |
BOTTOM OF THE 3RD |
Gwinnett Braves batting - Pitching for Iowa Cubs : RHP Ryan Masterson
|
Batting: RHB Luis Revilla
|
0-0: Ball 1-0: Foul Ball, location: 2F 1-1: Foul Ball, location: 2F 1-2: SINGLE (Groundball, 56D, EV 106.2 MPH)
|
Batting: LHB Edwin Aguilar
|
0-0: Ball 1-0: Fly out, F9 (Flyball, 9D, EV 91.2 MPH)
|
Batting: RHB Carlos Castillo
|
0-0: Ball 1-0: Swinging Strike 1-1: Grounds into double play, 4-6-3 (Groundball, 4M, EV 76.2 MPH)
|
Bottom of the 3rd over - 0 runs, 1 hit, 0 errors, 0 left on base; Iowa 0 - Gwinnett 1 |
TOP OF THE 4TH |
Iowa Cubs batting - Pitching for Gwinnett Braves : LHP Justin Sullins
|
Batting: RHB Andy Wasierski
|
0-0: Called Strike 0-1: Ground out 1-3 (Groundball, 13S, EV 68.8 MPH)
|
Batting: RHB Adam O'Hare
|
0-0: Called Strike 0-1: Swinging Strike 0-2: Ball 1-2: Strikes out swinging
|
Batting: RHB Francisco Ramirez
|
0-0: Swinging Strike 0-1: Swinging Strike 0-2: Foul Ball, location: 2F 0-2: Ball 1-2: Strikes out swinging
|
Top of the 4th over - 0 runs, 0 hits, 0 errors, 0 left on base; Iowa 0 - Gwinnett 1 |
BOTTOM OF THE 4TH |
Gwinnett Braves batting - Pitching for Iowa Cubs : RHP Ryan Masterson
|
Batting: LHB Sam Dowdy
|
0-0: Ball 1-0: Ball 2-0: Called Strike 2-1: Ball 3-1: Base on Balls
|
Pitching: RHP Josh Ready
|
|
Batting: RHB Jesse Lester
|
0-0: Called Strike 0-1: Swinging Strike 0-2: Ball 1-2: Ball 2-2: Foul Ball, location: 2F 2-2: Grounds into double play, 6-4-3 (Groundball, 6, EV 101.9 MPH)
|
Batting: RHB Neal Tinoco
|
0-0: Foul Ball, location: 2F 0-1: Ball 1-1: Ball 2-1: Called Strike 2-2: Foul Ball, location: 2F 2-2: Ball 3-2: Fly out, F4 (Line Drive, 4, EV 68.8 MPH)
|
Bottom of the 4th over - 0 runs, 0 hits, 0 errors, 0 left on base; Iowa 0 - Gwinnett 1 |
TOP OF THE 5TH |
Iowa Cubs batting - Pitching for Gwinnett Braves : LHP Justin Sullins
|
Batting: LHB Chris Morgan
|
0-0: Called Strike 0-1: Foul Ball, location: 2F 0-2: Ball 1-2: Ball 2-2: Ball 3-2: Ground out 6-3 (Groundball, 6, EV 86.2 MPH)
|
Batting: LHB John Holst
|
0-0: Ball 1-0: Fly out, F7 (Line Drive, 7, EV 91.9 MPH)
|
Batting: LHB John Criswell
|
0-0: Called Strike 0-1: Called Strike 0-2: Strikes out looking
|
Top of the 5th over - 0 runs, 0 hits, 0 errors, 0 left on base; Iowa 0 - Gwinnett 1 |
BOTTOM OF THE 5TH |
Gwinnett Braves batting - Pitching for Iowa Cubs : RHP Josh Ready
|
Batting: RHB T.J. Jordan
|
0-0: Ball 1-0: Ball 2-0: Swinging Strike 2-1: Foul Ball, location: 2F 2-2: SINGLE (Flyball, 3D, EV 98.8 MPH)
|
Pitching: LHP Neal Brody
|
|
Batting: RHB Xavier Castellanos
|
0-0: SINGLE (Line Drive, 8RS, EV 105.6 MPH) T.J. Jordan to second
|
Batting: RHB Chris Sharpe
|
0-0: Called Strike 0-1: Ball 1-1: Ball 2-1: Grounds into double play, 6-4-3 (Groundball, 6, EV 96.9 MPH) T.J. Jordan to third
|
Batting: RHB Luis Revilla
|
0-0: Swinging Strike 0-1: DOUBLE (Line Drive, 89M, EV 90.6 MPH) T.J. Jordan scores
|
Batting: LHB Edwin Aguilar
|
0-0: Ball 1-0: Called Strike 1-1: Swinging Strike 1-2: Foul Ball, location: 2F 1-2: Ball 2-2: Foul Ball, location: 2F 2-2: SINGLE (Groundball, 34D, EV 106.2 MPH) Luis Revilla to third Runner from 3rd tries for Home, SAFE, throw by RF to home Edwin Aguilar to second
|
Batting: RHB Carlos Castillo
|
0-0: Ball 1-0: Ball 2-0: Ball 3-0: Called Strike 3-1: Base on Balls
|
Pitching: LHP Nate George
|
|
Batting: LHB Sam Dowdy
|
0-0: Ground out 4-3 (Groundball, 4, EV 103.8 MPH)
|
Bottom of the 5th over - 2 runs, 4 hits, 0 errors, 2 left on base; Iowa 0 - Gwinnett 3 |
TOP OF THE 6TH |
Iowa Cubs batting - Pitching for Gwinnett Braves : LHP Justin Sullins
|
Batting: RHB Peter Croston
|
0-0: Ball 1-0: Called Strike 1-1: Ball 2-1: Swinging Strike 2-2: Foul Ball, location: 2F 2-2: Strikes out swinging
|
Batting: SHB Nick Chandler
|
0-0: Called Strike 0-1: Ball 1-1: Ball 2-1: Swinging Strike 2-2: Strikes out swinging
|
Batting: SHB R.J. Vargas
|
0-0: Called Strike 0-1: Foul Ball, location: 2F 0-2: Ball 1-2: Ball 2-2: Ball 3-2: Fly out, F8 (Flyball, 78S, EV 91.2 MPH)
|
Top of the 6th over - 0 runs, 0 hits, 0 errors, 0 left on base; Iowa 0 - Gwinnett 3 |
BOTTOM OF THE 6TH |
Gwinnett Braves batting - Pitching for Iowa Cubs : LHP Nate George
|
Batting: RHB Jesse Lester
|
0-0: Foul Ball, location: 2F 0-1: Ball 1-1: Foul Ball, location: 2F 1-2: Ball 2-2: Ball 3-2: SINGLE (Groundball, 56S, EV 68.8 MPH) (infield hit)
|
Batting: RHB Neal Tinoco
|
0-0: Ball 1-0: Ball 2-0: Called Strike 2-1: SINGLE (Line Drive, 7S, EV 88.8 MPH) Jesse Lester to second
|
Batting: RHB T.J. Jordan
|
0-0: Ball 1-0: Ball 2-0: Called Strike 2-1: Foul Ball, location: 2F 2-2: Ball 3-2: SINGLE (Groundball, 56D, EV 96.9 MPH) Jesse Lester to third Neal Tinoco to second
|
Batting: RHB Xavier Castellanos
|
0-0: Called Strike 0-1: Ball 1-1: Foul Ball, location: 2F 1-2: Ball 2-2: Ball 3-2: Base on Balls Jesse Lester scores Neal Tinoco to third T.J. Jordan to second
|
Pitching: RHP Heef Harted
|
|
Batting: RHB Chris Sharpe
|
0-0: Ball 1-0: Ball 2-0: Ball 3-0: Base on Balls Neal Tinoco scores T.J. Jordan to third Xavier Castellanos to second
|
Batting: RHB Luis Revilla
|
0-0: SINGLE (Line Drive, 4D, EV 96.9 MPH) T.J. Jordan scores Xavier Castellanos to third Chris Sharpe to second
|
Batting: LHB Edwin Aguilar
|
0-0: Ball 1-0: Ball 2-0: Ball 3-0: Base on Balls Xavier Castellanos scores Chris Sharpe to third Luis Revilla to second
|
Batting: RHB Carlos Castillo
|
0-0: GRAND SLAM HOME RUN (Flyball, 7D, EV 96.9 MPH), Distance : 364 ft
|
Pitching: RHP Willie Ramos
|
|
Batting: LHB Sam Dowdy
|
0-0: Swinging Strike 0-1: Ball 1-1: Swinging Strike 1-2: Foul Ball, location: 2F 1-2: Strikes out looking
|
Batting: RHB Jesse Lester
|
0-0: Ball 1-0: Foul Ball, location: 2F 1-1: Ball 2-1: Foul Ball, location: 2F 2-2: SINGLE (Line Drive, 56D, EV 98.8 MPH)
|
Batting: RHB Neal Tinoco
|
0-0: Ball 1-0: Fly out, F3 (Popup, 3SF, EV 87.5 MPH)
|
Batting: RHB T.J. Jordan
|
0-0: Fly out, F9 (Flyball, 9LS, EV 82.5 MPH)
|
Bottom of the 6th over - 8 runs, 6 hits, 0 errors, 1 left on base; Iowa 0 - Gwinnett 11 |
TOP OF THE 7TH |
Iowa Cubs batting - Pitching for Gwinnett Braves : LHP Justin Sullins
|
Batting: RHB Andy Wasierski
|
0-0: Ball 1-0: Called Strike 1-1: Ball 2-1: Ball 3-1: Foul Ball, location: 2F 3-2: Strikes out swinging
|
Batting: RHB Adam O'Hare
|
0-0: Ball 1-0: Called Strike 1-1: Foul Ball, location: 2F 1-2: Strikes out looking
|
Batting: RHB Francisco Ramirez
|
0-0: Ball 1-0: Foul Ball, location: 2F 1-1: Ball 2-1: Swinging Strike 2-2: Strikes out swinging
|
Top of the 7th over - 0 runs, 0 hits, 0 errors, 0 left on base; Iowa 0 - Gwinnett 11 |
BOTTOM OF THE 7TH |
Gwinnett Braves batting - Pitching for Iowa Cubs : RHP Willie Ramos
|
Batting: RHB Xavier Castellanos
|
0-0: Called Strike 0-1: Ball 1-1: SINGLE (Groundball, 6MD, EV 98.8 MPH)
|
Batting: RHB Chris Sharpe
|
0-0: Ball 1-0: Foul Ball, location: 2F 1-1: Swinging Strike 1-2: Strikes out swinging
|
Batting: RHB Luis Revilla
|
0-0: Called Strike 0-1: Foul Ball, location: 2F 0-2: Ball 1-2: Foul Ball, location: 2F 1-2: Ball 2-2: 2-RUN HOME RUN (Flyball, 78XD, EV 98.8 MPH), Distance : 384 ft
|
Batting: LHB Edwin Aguilar
|
0-0: Called Strike 0-1: Foul Ball, location: 2F 0-2: DOUBLE (Line Drive, 9LS, EV 100.0 MPH)
|
Pinch Hitting: RHB Brian Huebner
|
0-0: Foul Ball, location: 2F 0-1: Ball 1-1: Ball 2-1: Ball 3-1: SINGLE (Groundball, 56D, EV 98.1 MPH) Edwin Aguilar to third Runner from 3rd tries for Home, SAFE, throw by LF to home
|
Batting: LHB Sam Dowdy
|
0-0: Swinging Strike 0-1: Foul Ball, location: 2F 0-2: Ball 1-2: Foul Ball, location: 2F 1-2: Foul Ball, location: 2F 1-2: Ball 2-2: Ball 3-2: Foul Ball, location: 2F 3-2: Base on Balls Brian Huebner to second
|
Batting: RHB Jesse Lester
|
0-0: Foul Ball, location: 2F 0-1: Foul Ball, location: 2F 0-2: Ball 1-2: Ball 2-2: Foul Ball, location: 2F 2-2: Foul Ball, location: 2F 2-2: TRIPLE (Flyball, 78XD, EV 103.1 MPH) Brian Huebner scores Sam Dowdy scores
|
Batting: RHB Neal Tinoco
|
0-0: Called Strike 0-1: Foul Ball, location: 2F 0-2: Ball 1-2: SINGLE (Groundball, 25, EV 65.6 MPH) (infield hit)
|
Batting: RHB T.J. Jordan
|
0-0: Ball 1-0: Swinging Strike 1-1: Grounds into double play, 6-4-3 (Groundball, 56, EV 79.4 MPH)
|
Bottom of the 7th over - 5 runs, 6 hits, 0 errors, 1 left on base; Iowa 0 - Gwinnett 16 |
TOP OF THE 8TH |
Iowa Cubs batting - Pitching for Gwinnett Braves : LHP Justin Sullins
|
Now at 1B: Brian Huebner
|
|
Batting: LHB Chris Morgan
|
0-0: Ball 1-0: Swinging Strike 1-1: Ball 2-1: Fly out, F7 (Flyball, 78M, EV 92.5 MPH)
|
Batting: LHB John Holst
|
0-0: Ball 1-0: Called Strike 1-1: Ball 2-1: Foul Ball, location: 2F 2-2: Foul Ball, location: 2F 2-2: Foul Ball, location: 2F 2-2: Ground out U3 (Groundball, 34, EV 91.9 MPH)
|
Batting: LHB John Criswell
|
0-0: Ball 1-0: Swinging Strike 1-1: Ball 2-1: Swinging Strike 2-2: Ball 3-2: Strikes out looking
|
Top of the 8th over - 0 runs, 0 hits, 0 errors, 0 left on base; Iowa 0 - Gwinnett 16 |
BOTTOM OF THE 8TH |
Gwinnett Braves batting - Pitching for Iowa Cubs : RHP Willie Ramos
|
Batting: RHB Xavier Castellanos
|
0-0: Called Strike 0-1: Ball 1-1: Called Strike 1-2: Foul Ball, location: 2F 1-2: Ball 2-2: Fly out, F3 (Popup, 3SF, EV 69.4 MPH)
|
Batting: RHB Chris Sharpe
|
0-0: Foul Ball, location: 2F 0-1: Ball 1-1: Foul Ball, location: 2F 1-2: Fly out, F9 (Flyball, 9LM, EV 88.8 MPH)
|
Batting: RHB Luis Revilla
|
0-0: Ball 1-0: Ball 2-0: Ball 3-0: Base on Balls
|
Batting: LHB Edwin Aguilar
|
0-0: Called Strike 0-1: Ball 1-1: Foul Ball, location: 2F 1-2: Foul Ball, location: 2F 1-2: Strikes out swinging
|
Bottom of the 8th over - 0 runs, 0 hits, 0 errors, 1 left on base; Iowa 0 - Gwinnett 16 |
TOP OF THE 9TH |
Iowa Cubs batting - Pitching for Gwinnett Braves : LHP Justin Sullins
|
Batting: RHB Peter Croston
|
0-0: Ball 1-0: Swinging Strike 1-1: Ball 2-1: Fly out, F9 (Flyball, 9S, EV 91.9 MPH)
|
Batting: SHB Nick Chandler
|
0-0: Ball 1-0: Ground out 5-3 (Groundball, 5, EV 97.5 MPH)
|
Batting: SHB R.J. Vargas
|
0-0: Swinging Strike 0-1: Called Strike 0-2: Strikes out looking
|
Top of the 9th over - 0 runs, 0 hits, 0 errors, 0 left on base; Iowa 0 - Gwinnett 16 |
|